[Event "7th Sharjah Masters 2024"]
[Site "Sharjah"]
[Date "2024.05.22"]
[Round "9.38"]
[White "Samant Aditya S"]
[Black "Moroni, Luca Jr"]
[Result "1-0"]
[ECO "B12"]
[WhiteElo "2501"]
[BlackElo "2581"]
[Annotator "TA"]
[PlyCount "75"]
[EventDate "2024.05.13"]
[EventType "swiss"]
[EventCountry "UAE"]
[SourceTitle "playchess.com"]
[Source "ChessBase"]
[SourceQuality "1"]
[TimeControl "5400+30"]

1. e4 c6 2. d4 d5 3. e5 Bf5 4. Nf3 e6 5. Be2 Nd7 6. O-O a5 {[%emt 0:00:04] is currently scoring better than 6...Ne7. B12: Caro-Kann: Advance Variation.} 7. a4 f6 8. Nbd2 Nh6 9. Nb3 Nf7 10. Re1 g5 11. h3 $146 ({Predecessor:} 11. exf6 Qxf6 12. Bd3 Bxd3 13. Qxd3 g4 14. Nfd2 h5 15. Qe2 Nd8 16. Nf1 Bd6 17. Bd2 {0-1 Liang,J (2474)-Ghasi,A (2506) Casablanca Mohammed op 4th 2023 (5)}) 11... Bg7 12. exf6 Qxf6 13. Bd2 h5 14. Ne5 (14. Bxa5 g4 15. Nh2 gxh3 $17) (14. c4 $1 $11) 14... Nfxe5 $15 (14... g4 {looks sharper.} 15. Nxf7 Kxf7 16. Bd3 b6) 15. dxe5 Qg6 $1 16. Nd4 $1 (16. Bxa5 $2 Bxc2 (16... Bxe5 17. Bd3 $17) 17. Qd2 Bxb3 $19) (16. Nxa5 g4 17. Nxb7 Bxc2 $17) 16... Be4 17. f3 Bxe5 18. Nxc6 bxc6 (18... Bxc2 19. Nxe5 Nxe5 20. Bb5+ Nc6 21. Qe2 $16) 19. fxe4 g4 20. h4 Nf6 (20... Bxb2 $6 21. exd5 Qf6 22. Be3 $11) (20... dxe4 21. Bc4 $11) (20... Qxe4 21. Bd3 Qd4+ 22. Be3 $15) (20... O-O $17 {...Qf6 is the strong threat.} 21. exd5 exd5 (21... Bxb2 22. dxc6 Bd4+ 23. Kh1 $15) (21... cxd5 22. Bg5 $17)) 21. Bc3 (21. exd5 Bd4+ 22. Kh2 Ne4 $17) 21... Bxc3 (21... Qxe4 $2 22. Bb5 $18) 22. bxc3 O-O (22... dxe4 23. Qd6 Kf7 24. Red1 $11 (24. Qxc6 Rhc8 $14)) (22... Qxe4 $2 {too greedy.} 23. Bb5 Qf4 24. Bxc6+ Ke7 25. Bxa8 (25. Bxd5 Ra6 $18) 25... Rxa8 26. Qe2 $18) (22... Nxe4 $142 23. Bd3 O-O 24. Bxe4 dxe4) 23. exd5 $11 Nxd5 24. Qd4 Nf4 (24... Qxc2 $11 25. Rac1 Qh7) 25. Bd3 $14 Nxd3 26. cxd3 Rad8 27. Qc4 Rf6 (27... Rd5 $11 {keeps the balance.}) 28. Qxc6 $16 Rxd3 $2 {[%emt 0:02:13] [#]} (28... Qxd3 $16 29. Rxe6 Qe3+ 30. Rxe3 Rxc6) 29. Re5 $1 $18 Rd5 30. Rxd5 exd5 31. Qxd5+ Kh7 32. Qxa5 g3 33. Qe5 Rf5 34. Qd4 Rf7 35. a5 Qf5 $2 (35... Rb7 36. Qd1 Re7) 36. a6 $18 Rd7 37. Qxd7+ Qxd7 38. a7 1-0

[Event "7th Sharjah Masters 2024"]
[Site "Sharjah"]
[Date "2024.05.22"]
[Round "9.39"]
[White "Aditya Mittal"]
[Black "Klimkowski, Jan"]
[Result "1/2-1/2"]
[ECO "C50"]
[WhiteElo "2608"]
[BlackElo "2518"]
[Annotator "RC"]
[PlyCount "143"]
[EventDate "2024.05.13"]
[EventType "swiss"]
[EventCountry "UAE"]
[SourceTitle "playchess.com"]
[Source "ChessBase"]
[SourceQuality "1"]
[TimeControl "5400+30"]

1. e4 e5 2. Nf3 Nc6 3. Bc4 Nf6 4. d3 Bc5 5. O-O O-O 6. Bg5 h6 7. Bh4 Be7 8. Bg3 d6 9. a4 Nh7 10. c3 Kh8 11. a5 a6 12. Qb3 Qe8 13. Re1 Bf6 14. Nbd2 g5 15. h3 h5 16. Nf1 h4 17. Bh2 g4 18. hxg4 Bxg4 19. Ne3 Bxf3 20. gxf3 Qd7 21. Ng4 Ng5 22. Qd1 Bg7 23. Kh1 f5 24. Ne3 fxe4 25. fxe4 Nf3 26. Nf5 Rxf5 27. exf5 Qxf5 28. Be6 Qf6 29. Re4 Rf8 30. Bh3 d5 31. Rg4 Bh6 32. Bg2 Nxh2 33. Kxh2 e4 34. dxe4 Ne5 35. exd5 h3 36. Kxh3 Nxg4 37. Qxg4 Qxf2 38. Rf1 Qe3+ 39. Rf3 Rxf3+ 40. Bxf3 Bf4 41. Qh5+ Kg7 42. Kg4 Bh6 43. Qh2 Qg5+ 44. Kh3 Qf5+ 45. Bg4 Qd3+ 46. Kh4 Kg6 47. Qe5 Be3 48. Qe6+ Kg7 49. Qe7+ Kh6 50. Qf6+ Qg6 51. Qf8+ Qg7 52. Qf3 Qg5+ 53. Kg3 Qe5+ 54. Kg2 Qg5 55. Qf8+ Qg7 56. Qf5 Qg6 57. Qf8+ Qg7 58. Qc8 Bc1 59. Qe6+ Qg6 60. b4 Bd2 61. Kf3 Qxe6 62. dxe6 Kg7 63. e7 Kf7 64. Bc8 Bxc3 65. Bxb7 Bxb4 66. Bxa6 Bxa5 67. Ke4 Kxe7 68. Bb5 Bc3 69. Kd5 Bd4 70. Kxd4 c6 71. Kc5 cxb5 72. Kxb5 1/2-1/2

[Event "7th Sharjah Masters 2024"]
[Site "Sharjah"]
[Date "2024.05.22"]
[Round "9.40"]
[White "Vakhidov, Jakhongir"]
[Black "Seemann, Jakub"]
[Result "1-0"]
[ECO "E46"]
[WhiteElo "2599"]
[BlackElo "2475"]
[Annotator "TA"]
[PlyCount "99"]
[EventDate "2024.05.13"]
[EventType "swiss"]
[EventCountry "UAE"]
[SourceTitle "playchess.com"]
[Source "ChessBase"]
[SourceQuality "1"]
[TimeControl "5400+30"]

1. d4 Nf6 2. c4 e6 3. Nc3 Bb4 4. e3 O-O 5. Bd2 d5 6. a3 Be7 7. Nf3 b6 8. cxd5 exd5 9. g3 {[%emt 0:00:06] The position is equal.} c5 10. Bg2 Ba6 11. Ne5 cxd4 (11... Qd6 $11 {deserves consideration.}) 12. exd4 $14 Ne4 13. Nxe4 dxe4 14. Qc2 (14. Bxe4 Qxd4 15. Qc2 (15. Bxa8 $2 Qxe5+ 16. Be3 Qxb2 $19) 15... Qxe5 $17) 14... Nd7 {[%emt 0:32:18] [#] Threatens to win with ...Nxe5.} (14... Qxd4 $2 15. Bc3 Qd6 16. Bxe4 $18 (16. Qxe4 Bf6 $18)) 15. Nc6 (15. Qxe4 $6 Nxe5 16. dxe5 Qd7 $11) 15... Qe8 16. Qxe4 (16. Bxe4 $6 Rc8 (16... Nf6 17. Bg5 $16) 17. O-O-O (17. Bxh7+ $2 Kh8 $19) 17... Nf6 $11) 16... Bd6 {[%emt 0:00:07] Hoping for ...Qxe4+.} 17. Be3 {[%emt 0:09:32] White is much more active.} Nf6 18. Qxe8 Rfxe8 (18... Raxe8 $16 19. Bf3 (19. Nxa7 Ng4 $16) 19... Rc8) 19. Nb4 $18 Bb5 20. Bxa8 Rxa8 {[%emt 0:00:01] [#]} (20... Bxb4+ $142 21. axb4 Rxa8) 21. Na2 $1 Nd5 22. Nc3 Nxc3 23. bxc3 Bc4 24. a4 f5 25. Kd2 Kf7 26. Rhe1 Rc8 27. Reb1 Rd8 28. Kc2 Be7 29. h4 h6 30. Bf4 g5 31. hxg5 hxg5 32. Be5 Bd5 33. Kd2 Rc8 34. a5 Bd8 35. axb6 Bxb6 36. Bd6 Rd8 37. Bb4 Be4 38. Rb2 Rd5 39. Ke2 {[%emt 0:02:54] f3 would now be deadly.} g4 40. Rba2 Bf3+ 41. Kd3 Be4+ 42. Ke3 Kg6 43. Ba5 Rb5 44. Bxb6 axb6 {[%emt 0:00:02][%mdl 4096] Endgame. KRR-KRB} 45. Kf4 Rb3 46. Rc1 Bd5 (46... Kf6 $142 47. Ke3 Bc6) 47. Re2 {[%emt 0:00:14] White is clearly winning.} (47. c4 {gets mated.} Kf6) 47... Bc4 48. Rd2 Kf6 49. d5 Rb5 50. Re1 {[%emt 0:00:56] Black did not feel at home in the position after the opening.   Weighted Error Value: White=0.05 (flawless) /Black=0.22 (precise) .  Mistake:       	---       	Black=3      Inaccurate:     	---       	Black=2      OK:         	White=25    	Black=8      Best:        	White=2     	Black=2} 1-0

[Event "7th Sharjah Masters 2024"]
[Site "Sharjah"]
[Date "2024.05.22"]
[Round "9.41"]
[White "Kacharava, Nikolozi"]
[Black "Krzyzanowski, Marcin"]
[Result "1-0"]
[ECO "C54"]
[WhiteElo "2527"]
[BlackElo "2526"]
[Annotator "TA"]
[PlyCount "81"]
[EventDate "2024.05.13"]
[EventType "swiss"]
[EventCountry "UAE"]
[SourceTitle "playchess.com"]
[Source "ChessBase"]
[SourceQuality "1"]
[TimeControl "5400+30"]

1. e4 e5 2. Nf3 Nc6 3. Bc4 Nf6 4. d3 Bc5 5. c3 O-O 6. O-O d5 7. exd5 Nxd5 8. a4 Bf5 9. a5 {[%emt 0:06:56] Against Nb6} a6 10. Re1 {[%emt 0:04:17] The position is equal.} b5 (10... Nf6 $11) 11. axb6 $16 (11. Nxe5 $2 bxc4 12. Nxc6 Qf6 $19) 11... Nxb6 12. Rxa6 ({Worse is} 12. Bxa6 Bc8 (12... Bxd3 13. Bxd3 Rxa1 14. Qc2 $15) 13. d4 (13. Nxe5 $2 Nxe5 14. d4 Bxa6 $19) 13... exd4 $17) 12... Qd6 {[%emt 0:31:48] [#] ...Nxc4 would now be deadly.} 13. Rxa8 (13. Nh4 $1 $16 Be6 14. b4 Nxb4 15. cxb4 Bxb4 16. Bd2 Rxa6 17. Bxa6) 13... Rxa8 $14 14. Nbd2 {[%emt 0:06:13] Strongly threatening b4.} Nxc4 15. Nxc4 (15. dxc4 $16 Ba7 16. b4) 15... Qxd3 $11 16. Qxd3 Bxd3 {[%emt 0:00:02] A strong pair of Bishops.} 17. Nfxe5 (17. Ncxe5 Nxe5 18. Nxe5 Bf5 $14) 17... Nxe5 18. Nxe5 Bb5 19. Nf3 f6 20. Be3 Bxe3 21. Rxe3 {[%emt 0:03:26][%mdl 4096] Endgame. KRB-KRN} Ra1+ 22. Re1 Ra2 23. b3 (23. b4 $14) 23... c5 24. c4 Bc6 25. h3 Kf7 26. Re3 g5 27. Ne1 Rb2 $2 {[%emt 0:02:09] [#] Black cannot hold the game after this.} (27... h5 $14) 28. Nd3 $1 $18 Rb1+ 29. Kh2 Bd7 30. Nxc5 Bf5 31. Nb7 Bc2 $2 (31... Kf8 32. Nd6 (32. Rf3 Bc2 $18) 32... Bd7) 32. Nd6+ {[%emt 0:02:21] White is clearly winning.} Kg6 33. c5 Bxb3 34. c6 Rc1 35. Rxb3 Rxc6 {[%emt 0:00:02] KRN-KR} 36. Rd3 h5 37. g4 hxg4 38. hxg4 Rc2 39. Kg3 Rc1 40. Ne4 Rg1+ 41. Kf3 {[%emt 0:00:06] Weighted Error Value: White=0.10 (very precise) /Black=0.40.  Loses game:     	---       	Black=1      Mistake:       	White=3     	Black=2      Inaccurate:     	---       	Black=3      OK:         	White=11    	Black=8      Best:        	White=6     	Black=3      Strong:       	White=1     	---} 1-0